 Dungeon Crawl Stone Soup version 0.31-a0-705-ga145531891 (webtiles) character file.

Game seed: 2897146583900844179

348 Xavori the Sneak (level 6, -3/43 HPs)
             Began as an Octopode Chaos Knight on Sept 10, 2023.
             Was a Plaything of Xom.
             Slain by a hound (5 damage)
             ... while paralysed by Grinder
             ... on level 4 of the Dungeon.
             The game lasted 00:02:52 (12313 turns).

Xavori the Sneak (Octopode Chaos Knight)           Turns: 12313, Time: 00:02:53

Health: -3/43      AC:  1    Str: 12    XL:     6   Next: 60%
Magic:  6/6        EV:  2    Int: 14    God:    Xom [....*.]
Gold:   35         SH:  0    Dex: 13    Spells: 5/5 levels left

rFire   . . .        e - +2 dagger (protect)
rCold   + . .        (no shield)
rNeg    . . .        (helmet restricted)
rPois   +            (no amulet)
rElec   +            n - ring of flight
rCorr   .            (no ring)
SInv    .            (no ring)
Will    .....        (no ring)
Stlth   ++++         (no ring)
HPRegen 0.27/turn    (no ring)
MPRegen 0.10/turn    (no ring)
                     (no ring)

%: clarity
@: paralysed, flying
A: almost no armour, amphibious, 8 rings, camouflage 1, gelatinous body 1,
(nimble swimmer 1), tentacles, clarity, cold resistance 1, poison resistance,
electricity resistance, teleportitis 2, wild magic 1
a: Renounce Religion


You were on level 4 of the Dungeon.
You worshipped Xom.
You were a beloved toy of Xom.
You visited 1 branch of the dungeon, and saw 4 of its levels.

You collected 205 gold pieces.
You spent 170 gold pieces at shops.

Inventory:

Hand Weapons
 a - a +0 short sword of chaos
 e - a +2 dagger of protection (weapon)
Jewellery
 n - a ring of flight (left tentacle)
 q - a +5 ring of evasion
 s - an amulet of faith
Wands
 p - a wand of flame (25)
Scrolls
 b - a scroll of butterflies
 g - 2 scrolls of fog {unknown}
 h - 2 scrolls of brand weapon
 j - 2 scrolls of identify {unknown}
 l - 2 scrolls of teleportation
 o - a scroll of fear {unknown}
Potions
 c - 2 potions of curing
 d - 3 potions of enlightenment {unknown}
 f - a potion of attraction {unknown}
 i - a potion of might {unknown}
 k - a potion of heal wounds {unknown}
 m - a potion of lignification {unknown}
 r - 2 potions of brilliance {unknown}


   Skills:
 + Level 3.9 Fighting
 + Level 4.8 Short Blades
 + Level 3.3 Dodging
 + Level 5.3 Stealth


You had 5 spell levels left.
You didn't know any spells.
Your spell library was empty.

Dungeon Overview and Level Annotations

Branches:
Dungeon (4/15)
 Temple: D:4-7

Altars:

Shops:
D:3 *

Annotations:
D:4 Grinder


Innate Abilities, Weirdness & Mutations

You cannot wear most types of armour.
You are amphibious.
You can wear up to eight rings at the same time.
Your skin changes colour to match your surroundings (Stealth+).
Your rubbery body absorbs attacks. (AC +1, EV +1)
((You are camouflaged when in or above water. (Stealth+)))
You have tentacles for arms and can constrict up to eight enemies at once.
You possess an exceptional clarity of mind.
Your flesh is cold resistant. (rC+)
Your system is resistant to poisons. (rPois)
You are resistant to electric shocks. (rElec)
You are often teleported next to monsters.
Your spells are a little harder to cast, but a little more powerful.


Message History

You swap places.
Something hits the orc!!
The orc dies!
The giant cockroach barely misses you.
The orc wizard casts a spell.
The orc wizard flickers and vanishes!
Deactivating autopickup; reactivate with Ctrl-A.
Grinder hits you!
You writhe in agony.
You hit Grinder.
Your weapon exudes an aura of protection.
You grab Grinder. You squeeze Grinder, but do no damage.
Grinder is lightly wounded.
You constrict Grinder, but do no damage.
The giant cockroach bites you but does no damage.
Unknown command.
Unknown command.
You hit Grinder.
Grinder is lightly wounded.
You constrict Grinder, but do no damage.
The giant cockroach barely misses you. Grinder gestures at you.
You suddenly lose the ability to move!
You lose your grip on Grinder.
The giant cockroach bites you but does no damage.
Your +0 hand axe hits the orc!!
The orc dies!
Grinder hits you.
You writhe in agony.
The giant cockroach bites you but does no damage.
Grinder hits you but does no damage.
Your +0 hand axe closely misses the quokka.
Grinder hits you. The hound barely misses you.
Your +0 hand axe hits the quokka!
The quokka dies!
The hound bites you but does no damage. Grinder hits you.
You writhe in agony.
The hound bites you.
Your +0 hand axe closely misses something.
Grinder hits you!
* * * LOW HITPOINT WARNING * * *
You writhe in agony.
* * * LOW HITPOINT WARNING * * *
The hound bites you.
You die...

.# #.# .# #.#
... #.# ?...
..##.... +
#...5...
#..(#####5..?#
...).)({5h#
#########@#
#555# #####


You could see Grinder (ally target), a hound, an ufetubus, a friendly +0 hand
axe, 2 friendly white imps and a friendly ufetubus (summoned).

Vanquished Creatures
  An ogre (D:3)
  An orc priest (D:3)
  Jessica (D:3)
  Natasha (twice) (D:3)
  An orc wizard (D:3)
  4 adders
  2 worms
  A dart slug (D:2)
  7 orcs (D:3)
  7 endoplasms
  8 giant cockroaches
  4 goblins
  5 hobgoblins
  2 jackals (D:2)
  4 quokkas
  8 ball pythons
  5 bats
  7 kobolds
  3 rats
73 creatures vanquished.

Vanquished Creatures (collateral kills)
  3 orcs (D:4)
  A hobgoblin (D:3)
  A quokka (D:4)
  A bat (D:3)
6 creatures vanquished.

Grand Total: 79 creatures vanquished

Notes
Turn   | Place    | Note
-------+----------+-------------------------------------------
     0 | D:1      | Xavori the Octopode Chaos Knight began the quest for the
                  | Orb.
     0 | D:1      | Reached XP level 1. HP: 16/16 MP: 1/1
   125 | D:1      | XOM: silly message
   208 | D:1      | Reached XP level 2. HP: 21/21 MP: 2/2
   316 | D:1      | XOM: silly message
   469 | D:1      | XOM: give mutations
   469 | D:1      | Gained mutation: You are dopey. (Int -2) [Xom's mischief]
   469 | D:1      | Gained mutation: You have a pair of small antennae on your
                  | head. [Xom's mischief]
   469 | D:1      | Lost mutation: You are dopey. (Int -2) [Xom's mischief]
   820 | D:1      | XOM: give mutation
   820 | D:1      | Gained mutation: You expend magic power (3 MP) to
                  | strengthen your wands. [Xom's mischief]
   902 | D:1      | XOM: noise
  1384 | D:1      | XOM is BORED!
  2425 | D:1      | XOM is BORED!
  2480 | D:1      | XOM: silly message
  3083 | D:1      | XOM: summons 2 hostile demons
  3084 | D:1      | Noticed a crimson imp
  3370 | D:2      | XOM: silly message
  3794 | D:1      | XOM: torment (12/21 hp)
  4907 | D:1      | XOM: silly message
  5521 | D:1      | XOM is BORED!
  5521 | D:1      | XOM: summons 2 hostile demons
  5546 | D:2      | XOM: 6-stop teleportation journey
  5579 | D:2      | Reached XP level 3. HP: 26/26 MP: 3/3
  5610 | D:2      | Reached skill level 1 in Stealth
  5898 | D:2      | Reached skill level 2 in Stealth
  6025 | D:2      | Reached XP level 4. HP: 29/31 MP: 4/4
  6480 | D:1      | XOM: stat loss: -1 Int (13/14)
  8641 | D:1      | XOM is BORED!
  8641 | D:1      | XOM: summons 2 hostile demons
  8778 | D:2      | XOM: god gift: broad axe {god gift}
  8912 | D:2      | XOM: god gift: 19 gold pieces
  9049 | D:2      | XOM: give mutations
  9049 | D:2      | Gained mutation: You possess an exceptional clarity of
                  | mind. [Xom's mischief]
  9049 | D:2      | Gained mutation: Your spells are a little harder to cast,
                  | but a little more powerful. [Xom's mischief]
  9049 | D:2      | Gained mutation: You occasionally lose the ability to drink
                  | potions when taking damage. [Xom's mischief]
  9049 | D:2      | Gained mutation: You are resistant to electric shocks.
                  | (rElec) [Xom's mischief]
  9096 | D:1      | XOM: draining
  9098 | D:1      | XOM: silly message
  9553 | D:1      | XOM: summons 1 hostile demon
  9823 | D:1      | XOM: summons 2 hostile demons
 11010 | D:1      | Glimpsed the power of Zot.
 11102 | D:3      | Found a faded altar of an unknown god.
 11137 | D:3      | Noticed Jessica
 11145 | D:3      | Killed Jessica
 11157 | D:3      | XOM: give mutations
 11157 | D:3      | Lost mutation: You have a pair of small antennae on your
                  | head. [Xom's mischief]
 11157 | D:3      | Gained mutation: You are occasionally teleported next to
                  | monsters. [Xom's mischief]
 11157 | D:3      | Lost mutation: You expend magic power (3 MP) to strengthen
                  | your wands. [Xom's mischief]
 11231 | D:3      | XOM: give mutations
 11231 | D:3      | Gained mutation: Your flesh is cold resistant. (rC+) [Xom's
                  | mischief]
 11231 | D:3      | Lost mutation: Your flesh is cold resistant. (rC+) [Xom's
                  | mischief]
 11231 | D:3      | Gained mutation: You are often teleported next to monsters.
                  | [Xom's mischief]
 11231 | D:3      | Lost mutation: You occasionally lose the ability to drink
                  | potions when taking damage. [Xom's mischief]
 11481 | D:3      | Reached skill level 3 in Stealth
 11507 | D:3      | Noticed Natasha
 11509 | D:3      | Killed Natasha
 11510 | D:3      | Reached XP level 5. HP: 36/36 MP: 5/5
 11609 | D:3      | Noticed an ogre
 11615 | D:3      | XOM: 2-stop teleportation journey
 11675 | D:3      | XOM: blink monster(s)
 11676 | D:3      | XOM: chaos upgrade
 11682 | D:3      | Reached skill level 4 in Stealth
 11703 | D:3      | XOM: give mutations
 11703 | D:3      | Gained mutation: Your system is resistant to poisons.
                  | (rPois) [Xom's grace]
 11703 | D:3      | Gained mutation: Your flesh is cold resistant. (rC+) [Xom's
                  | grace]
 11846 | D:3      | XOM: god gift: 3 silver javelins
 11847 | D:3      | Found Ynul's General Store.
 11858 | D:3      | Bought a potion of curing for 33 gold pieces
 11858 | D:3      | Bought a scroll of teleportation for 33 gold pieces
 11858 | D:3      | Bought a scroll of brand weapon for 104 gold pieces
 11872 | D:3      | XOM: summons friendly white imp
 11878 | D:3      | Killed an ogre
 11879 | D:3      | Reached XP level 6. HP: 43/43 MP: 6/6
 11949 | D:3      | Reached skill level 5 in Stealth
 11956 | D:3      | XOM: summons 1 hostile shadow creature
 12254 | D:3      | Noticed Natasha
 12260 | D:3      | Killed Natasha
 12301 | D:4      | Noticed Grinder
 12305 | D:4      | XOM: summons 3 friendly demons
 12308 | D:4      | Paralysed by Grinder for 5 turns
 12313 | D:4      | HP: 2/43 [Grinder (5)]
 12313 | D:4      | Slain by a hound

Illustrated notes

Levels and vault maps discovered:
D:1:      amcnicky_arrival_choice, layout_loops_ring
D:2:      layout_loops_ring, st_stairs_13, corexii_hall_statues_deadend,
          minmay_worlds_worst_comb
D:3:      minmay_skewed_foursquare, layout_loops_corners, serial_shops, shop,
          hellmonk_ecumenical_altar_crossroads, nicolae_elevator_lobby_plus,
          uniq_jessica, uniq_natasha
D:4:      layout_basic, nicolae_ossuary_entry_giza, uniq_grinder

Skill      XL: |  1  2  3  4  5  6 |
---------------+-------------------+-----
Stealth        | 2 3 4 5 |  5.3
Short Blades   | 4 |  4.8
Dodging        | 3 |  3.3
Fighting       | |  3.9

Action                     |  1- 3 |  4- 6 || total
---------------------------+-------+-------++-------
  Melee: Short sword       |     7 |       ||     7
         Dagger            |    63 |    94 ||   157
         Tentacles         |    14 |    25 ||    39
         Constrict         |    16 |    19 ||    35
         Punch             |     1 |     2 ||     3
   Stab: Sleeping          |     7 |    11 ||    18
         Distracted        |       |     2 ||     2
 Armour: Skin              |    24 |    41 ||    65
  Dodge: Dodged            |    47 |    61 ||   108

Table legend: (Time is in decaauts)
 A = Elapsed time spent in this place.
 B = Non-inter-level travel time spent in this place.
 C = Inter-level travel time spent in this place.
 D = Time resting spent in this place.
 E = Time spent auto-exploring this place.
 F = Levels seen in this place.
 G = Mean time per level.
                   A        B        C        D        E       F      G
               +--------+--------+--------+--------+--------+-----+--------+
         Total |  12286 |  12146 |    140 |   9538 |   2103 |   4 | 3071.5 |
       Dungeon |  12286 |  12146 |    140 |   9538 |   2103 |   4 | 3071.5 |
               +--------+--------+--------+--------+--------+-----+--------+

Top non-repeatable levels by time:
     D:1: 9030 daAuts
     D:2: 1995 daAuts
     D:3: 1244 daAuts
     D:4: 15 daAuts
